 Dungeon Crawl Stone Soup version 0.18-a0-1088-g34ef3a2 (webtiles) character file.

2329 lysy the Basher (level 9, -10/80 HPs)
             Began as an Ogre Hunter on Jan 15, 2016.
             Was an Initiate of Okawaru.
             Mangled by an orc warrior
             ... wielding a +0 glaive
              (15 damage)
             ... on level 6 of the Dungeon.
             The game lasted 00:27:22 (10533 turns).

lysy the Basher (Ogre Hunter)                      Turns: 10533, Time: 00:27:22

Health: -10/80     AC:  3    Str: 21 (23) XL:     9   Next: 42%
Magic:  0/9        EV:  7    Int: 12      God:    Okawaru [......]
Gold:   324        SH:  7    Dex: 11      Spells: 0 memorised, 8 levels left

rFire  . . .     SeeInvis .     g - +0 mace (holy)
rCold  + . .     Gourm    .     b - +0 robe
rNeg   . . .     Faith    .     w - +0 shield
rPois  .         Spirit   +     (helmet restricted)
rElec  .         Dismiss  .     (no cloak)
rCorr  .         Reflect  .     (gloves unavailable)
SustAt .         Harm     .     (boots unavailable)
MR     .....     Rnd*Rage +     j - amulet of guardian spirit
Stlth  +.........               (no ring)
                                n - +5 ring of slaying

@: lethally poisoned (-10 -> -20), not resistant to hostile enchantments, very
unstealthy
A: unfitting armour, berserk 2, clever 1, cold resistance 1, deterioration 1,
strong 1, tough skin 1
a: Renounce Religion


You were on level 6 of the Dungeon.
You worshipped Okawaru.
Okawaru was noncommittal.
You were not hungry.

You visited 2 branches of the dungeon, and saw 8 of its levels.

You collected 324 gold pieces.


Innate Abilities, Weirdness & Mutations

You are too large for most types of armour.
You have tough skin (AC +1).
You often lose your temper in combat.
Your mind is acute. (Int +2)
Your flesh is cold resistant.
Your body sometimes deteriorates upon taking damage.
Your muscles are strong. (Str +2)


   Skills:
 - Level 2.6 Fighting
 + Level 14.9 Maces & Flails
 - Level 4.1 Throwing
 - Level 1.7 Dodging
 - Level 0.7 Stealth


You had 8 spell levels left.
You didn't know any spells.

Inventory:

Hand Weapons
 a - a +0 short sword
 e - a +0 club
 g - a +0 mace of holy wrath (weapon)
 p - a +0 flail
Missiles
 c - 5 large rocks {=f}
 d - 2 throwing nets {=f}
 h - 18 poisoned needles
 i - 172 stones
 m - 4 tomahawks (quivered)
Armour
 b - a +0 robe (worn)
 w - a +0 shield (worn)
Jewellery
 j - an amulet of guardian spirit (around neck)
 n - a +5 ring of slaying (left hand)
Wands
 v - a wand of flame (0/48)
Scrolls
 l - 2 scrolls of fog
 o - 2 scrolls of teleportation {unknown}
 t - 2 scrolls of remove curse {unknown}
 u - 10 scrolls of identify {@r1}
 z - 2 scrolls of amnesia
 B - a scroll of noise {unknown}
 D - 2 scrolls of random uselessness {unknown}
Potions
 q - 2 potions of agility {unknown}
 r - a potion of brilliance
 x - a potion of flight
 C - a potion of cancellation {unknown}
 E - a potion of heal wounds {@q2}
Comestibles
 f - 3 bread rations
 s - 2 meat rations

Dungeon Overview and Level Annotations

Branches:
Dungeon (7/15)             Temple (1/1) D:6

Altars:
Ashenzari
Cheibriados
Elyvilon
Fedhas
Gozag
Makhleb
Nemelex Xobeh
Okawaru
Ru
Sif Muna
Trog
Vehumet
Xom
Zin
The Shining One

Annotations:
D:3 Scarn's ghost, amateur SpAM

▒▒▒▒▒
▒...▒▒▒▒..▒▒▒▒▒.▒
▒▒▒▒▒ ▒........▒
▒▒.▒▒▒▒▒▒▒ ▒.▒
▒▒▒▒▒▒▒▒▒▒▒ ▒.▒
▒.........▒ .▒
▒.▒▒▒▒▒▒▒o▒
▒▒▒▒▒▒▒▒.▒ ▒.▒
.)....▒▒.▒ ▒O▒
▒▒▒▒▒.▒▒.▒
▒..........▒
▒.▒▒>▒
▒.▒▒▒o▒...... ▒▒▒
▒.▒▒.▒ ▒.▒.▒▒▒▒▒
..▒ ▒.▒▒.▒ ▒.▒ .
▒.▒ ▒.▒▒.. ..▒ ▒▒
▒.▒ ▒.▒▒▒▒ ▒▒▒
▒.▒▒▒.▒ ......▒


You could see an orc warrior and an orc (fleeing).


Message History

There is a stone staircase leading up here.
The orc wizard gestures at you while chanting.
The puff of frost hits you! You resist.
You climb upwards.
The orc warrior shouts!
The orc shouts! x2 2 orc priests come into view.
The orc priest shouts! x2
The orc priest looks braver for a moment.
You block the orc warrior's attack. The orc hits you.
* * * LOW HITPOINT WARNING * * *
The orc barely misses you.
There is a stone staircase leading down here.
Read which item? (? for menu, Esc to quit)
As you read the scroll of fear, it crumbles to dust.
You assume a fearsome visage.
The orc warrior looks frightened!
The orc priest looks frightened! x2
The orc looks frightened! x2
Cornered, the orc warrior turns to fight!
The orc yells at you, "GO AWAY!" The orc warrior barely misses you.
The orc warrior hits you from afar with a glaive!
* * * LOW HITPOINT WARNING * * *
Your body deteriorates!
You feel weakened.
Drink which item? (? for menu, Esc to quit)
It was a potion of poison.
That liquid tasted very nasty...
You are lethally poisoned!
* * * LOW HITPOINT WARNING * * *
You feel sick.
The orc warrior hits you from afar with a glaive!
You die...

Action                   |  1- 3 |  4- 6 |  7- 9 || total
-------------------------+-------+-------+-------++-------
Melee: Club              |   125 |    44 |       ||   169
       Short sword       |    11 |       |       ||    11
       Flail             |       |    74 |       ||    74
       Mace              |       |   165 |   251 ||   416
Throw: Tomahawk          |    14 |     9 |    30 ||    53
       Stone             |    37 |    25 |    19 ||    81
  Use: Scroll            |     2 |     2 |     5 ||     9
       Potion            |       |     6 |     6 ||    12
 Stab: Sleeping          |     1 |       |       ||     1
  Eat: Chunk             |     3 |     9 |     8 ||    20
       Fruit             |     3 |       |     4 ||     7
       Beef jerky        |       |     2 |     2 ||     4
       Royal jelly       |       |       |     2 ||     2
       Pizza             |       |       |     1 ||     1

Vault maps used:
D:1:      lightli_iron_boxes
D:2:      item_on_display_a
D:3:      kiku_gazebo_pond_becter, uniq_natasha
D:4:      grunt_temple_overflow_lords_of_destruction, lightli_temple_of_fire,
          uniq_duvessa
D:5:      first_bread, uniq_prince_ribbit1
D:6:      minmay_temple_entry_trees
D:7:      grunt_ministairs_10, uniq_menkaure
Temple:   nicolae_temple_x_marks_the_god

Notes
Turn   | Place    | Note
--------------------------------------------------------------
     0 | D:1      | lysy the Ogre Hunter began the quest for the Orb.
     0 | D:1      | Reached XP level 1. HP: 22/22 MP: 1/1
   340 | D:1      | Reached skill level 1 in Maces & Flails
   354 | D:1      | Reached skill level 2 in Maces & Flails
   354 | D:1      | Reached XP level 2. HP: 22/29 MP: 2/2
  1252 | D:2      | Reached skill level 3 in Maces & Flails
  1252 | D:2      | Reached XP level 3. HP: 27/36 MP: 3/3
  1974 | D:2      | Reached skill level 4 in Maces & Flails
  2209 | D:2      | Reached XP level 4. HP: 44/44 MP: 4/4
  2705 | D:2      | Reached skill level 5 in Maces & Flails
  3469 | D:3      | Reached XP level 5. HP: 50/50 MP: 5/5
  3699 | D:2      | Reached skill level 6 in Maces & Flails
  3816 | D:3      | Noticed Scarn's ghost (amateur SpAM)
  4229 | D:3      | Reached skill level 7 in Maces & Flails
  4394 | D:3      | Reached XP level 6. HP: 33/59 MP: 6/6
  5125 | D:3      | Reached skill level 8 in Maces & Flails
  6089 | D:4      | Reached XP level 7. HP: 66/66 MP: 7/7
  6100 | D:4      | Reached skill level 9 in Maces & Flails
  6281 | D:4      | Found a bloodstained altar of Trog.
  6500 | D:4      | Noticed Dowan
  6501 | D:4      | Noticed Duvessa
  6547 | D:3      | Gained mutation: Your flesh is cold resistant. [potion of mutation]
  6547 | D:3      | Gained mutation: Your mind is acute. (Int +2) [potion of mutation]
  6960 | D:4      | Killed Duvessa
  6960 | D:4      | Reached skill level 10 in Maces & Flails
  6973 | D:4      | Killed Dowan
  7150 | D:4      | Found a radiant altar of Vehumet.
  7151 | D:4      | Found a burning altar of Makhleb.
  7521 | D:5      | Entered Level 5 of the Dungeon
  7521 | D:5      | Noticed Prince Ribbit
  7529 | D:5      | Killed Prince Ribbit
  7529 | D:5      | Reached skill level 11 in Maces & Flails
  7529 | D:5      | Reached XP level 8. HP: 74/74 MP: 8/8
  7828 | D:5      | Reached skill level 12 in Maces & Flails
  8295 | D:5      | Gained mutation: Your body sometimes deteriorates upon taking damage. [mutagenic meat]
  8296 | D:5      | Gained mutation: You tend to lose your temper in combat. [mutagenic meat]
  8297 | D:5      | Gained mutation: Your muscles are strong. (Str +2) [mutagenic meat]
  8298 | D:5      | Gained mutation: You often lose your temper in combat. [mutagenic meat]
  8556 | D:5      | Reached skill level 13 in Maces & Flails
  8852 | D:6      | Reached XP level 9. HP: 80/80 MP: 9/9
  9057 | D:6      | Reached skill level 14 in Maces & Flails
  9515 | D:6      | Found a staircase to the Ecumenical Temple.
  9528 | Temple   | Entered the Ecumenical Temple
  9574 | Temple   | Became a worshipper of Warmaster Okawaru
 10482 | D:7      | Noticed Menkaure
 10487 | D:7      | Killed Menkaure
 10530 | D:6      | HP: 7/80 [orc warrior/glaive (14)]
 10533 | D:6      | Mangled by an orc warrior

Vanquished Creatures
  Prince Ribbit (D:5)
  Menkaure (D:7)
  Duvessa (D:4)
  A water moccasin (D:7)
  A sky beast (D:5)
  An ice beast (D:5)
  A phantom (D:7)
  A black bear (D:6)
  A giant frog (D:5)
  Dowan (D:4)
  A wyvern skeleton (D:7)
  4 scorpions
  2 crimson imps
  A giant frog zombie (D:5)
  4 hounds
  A jelly (D:6)
  6 orc priests
  7 orc wizards
  A giant frog skeleton (D:4)
  4 worker ants
  A hound zombie (D:7)
  A worker ant zombie (D:5)
  11 adders
  A shadow imp (D:5)
  4 oozes
  An adder skeleton (D:4)
  2 worms (D:2)
  5 giant geckos
  30 orcs
  10 bats
  4 giant cockroaches
  5 goblins
  17 hobgoblins
  4 jackals
  9 quokkas
  A ball python (D:4)
  A ball python zombie (D:5)
  5 giant newts
  13 kobolds
  7 rats (D:2)
173 creatures vanquished.

Vanquished Creatures (others)
  An orc wizard (D:5)
1 creature vanquished.

Grand Total: 174 creatures vanquished
